 Dungeon Crawl Stone Soup version 0.21.1-1-g345015f (webtiles) character file.

30 letownia2 the Conjurer (level 3, -5/19 HPs)
             Began as a Tengu Fire Elementalist on Mar 4, 2018.
             Slain by Sigmund
             ... wielding a +0 scythe
              (10 damage)
             ... on level 3 of the Dungeon.
             The game lasted 00:01:37 (370 turns).

letownia2 the Conjurer (Tengu Fire Elementalist)     Turns: 370, Time: 00:01:38

Health: -5/19      AC:  3    Str:  8    XL:     3   Next: 20%
Magic:  1/7        EV: 12    Int: 16    God:
Gold:   64         SH:  0    Dex: 14    Spells: 2/6 levels left

rFire    . . .     SeeInvis .   (no weapon)
rCold    . . .     Gourm    .   (no shield)
rNeg     . . .     Faith    .   g - +0 leather armour
rPois    .         Spirit   .   (helmet restricted)
rElec    .         Reflect  .   (no cloak)
rCorr    .         Harm     .   (no gloves)
MR       .....                  (boots unavailable)
Stlth    ++........             (no amulet)
HPRegen  0.06/turn              (no ring)
MPRegen  0.10/turn              (no ring)

@: no status effects
A: beak, talons 3
a: no special abilities


You were on level 3 of the Dungeon.
You were not hungry.

You visited 1 branch of the dungeon, and saw 3 of its levels.

You collected 64 gold pieces.

Inventory:

Missiles
 e - 6 tomahawks (quivered)
Armour
 a - a +0 robe
 g - a +0 leather armour (worn)
Scrolls
 d - a scroll of identify {unknown}
 f - a scroll of amnesia {unknown}
 h - a scroll of teleportation {unknown}
Potions
 i - 2 potions of ambrosia {unknown}
Books
 b - a book of Flames

   Spells                             Type                      Level
   a - Flame Tongue                   Conjuration/Fire             1
   b - Throw Flame                    Conjuration/Fire             2
   c - Conjure Flame                  Conjuration/Fire             3
   d - Inner Flame                    Hexes/Fire                   3
   e - Sticky Flame                   Conjuration/Fire             4
   f - Fireball                       Conjuration/Fire             5
Comestibles
 c - a ration
 j - 2 chunks of flesh


   Skills:
 - Level 2.1 Dodging
 - Level 2.0 Stealth
 - Level 2.0 Spellcasting
 + Level 4.1 Conjurations
 - Level 3.2 Fire Magic


You had 2 spell levels left.
You knew the following spells:

 Your Spells              Type           Power        Failure   Level  Hunger
a - Flame Tongue          Conj/Fire      ##...        7%          1    #......
c - Conjure Flame         Conj/Fire      ##......     21%         3    ###....


Dungeon Overview and Level Annotations

Branches:
Dungeon (3/15)

Altars:
Zin

Annotations:
D:3 Sigmund; inc's ghost, weakling FeVM


Innate Abilities, Weirdness & Mutations

You have a beak for a mouth.
You have claws for feet.


Message History

The flame tongue hits something.
Unknown command.
You hear some strange, mumbled words.
You are confused.
You hear some strange, mumbled words.
Something tries to affect you, but you resist.
Your magical contamination has completely faded away.
You bump into the crystal wall.
Something barely misses you.
You bump into the crystal wall.
You hear some strange, mumbled words.
A puff of flame appears from out of thin air!
The puff of flame misses you.
You bump into the crystal wall.
Something hits you!
Ouch! That really hurt!
* * * LOW HITPOINT WARNING * * *
You bump into the crystal wall.
You feel less confused. Something hits you!
Ouch! That really hurt!
You die...

........## #.##.##....#
.....#...# #.##.#.....#
.........# #.รท...._....
.........####.##.....#.#
...........#.###...!##
.....#..#.....##.......#
.....#..#..#.######.####
.....#..#..#.######.#
...........#....@...#
........#..#.##..#.##
.....#..#.5#.##..#.#
.....#..#(...##..#.#
.....## ##...##..#.#
........ ....##..#.#
......#.###.?##..#.#
........ ... #..#.#
........ ....


There were no monsters in sight!

Vanquished Creatures
  Natasha (D:3)
  A goblin (D:1)
  2 kobolds
  A bat (D:3)
  A frilled lizard (D:1)
6 creatures vanquished.

Notes
Turn   | Place    | Note
-------+----------+-------------------------------------------
     0 | D:1      | letownia2 the Tengu Fire Elementalist began the quest for the Orb.
     0 | D:1      | Reached XP level 1. HP: 10/10 MP: 4/4
   135 | D:1      | Reached skill level 2 in Conjurations
   261 | D:3      | Noticed inc's ghost (weakling FeVM)
   280 | D:3      | Noticed Natasha
   285 | D:3      | Found a glowing silver altar of Zin.
   288 | D:3      | Noticed Sigmund
   295 | D:3      | Killed Natasha
   295 | D:3      | Reached skill level 4 in Conjurations
   295 | D:3      | Reached XP level 2. HP: 13/15 MP: 0/6
   295 | D:3      | Reached XP level 3. HP: 16/19 MP: 0/7
   305 | D:3      | Learned a level 3 spell: Conjure Flame
   370 | D:3      | Slain by Sigmund

Skill      XL: |  1 |
---------------+----+-----
Conjurations   | 4 |  4.1
Dodging        | |  2.1
Stealth        | |  2.0
Spellcasting   | |  2.0
Fire Magic     | |  3.2

Action                   || total
-------------------------++-------
Melee: Unarmed           ||     2
       Kick              ||     2
Throw: Tomahawk          ||     1
 Cast: Flame Tongue      ||    18
Armor: Leather armour    ||     6
Dodge: Dodged            ||    10
